 Dungeon Crawl Stone Soup version 0.32-a0-747-gc8563f6773 (console) character file.

Game seed: 13371698121120926570

14890 jejorda2 the Spear-Bearer (level 12, -6/88 HPs)
             Began as a Coglin Berserker on Mar 17, 2024.
             Was an Elder of Trog.
             Mangled by a small abomination (9 damage)
             ... in a Gauntlet.
             The game lasted 00:23:11 (10269 turns).

jejorda2 the Spear-Bearer (Coglin Berserker)       Turns: 10269, Time: 00:23:11

Health: -6/88      AC: 17    Str: 18    XL:     12   Next: 21%
Magic:  8/9        EV:  8    Int:  4    God:    Trog [****..]
Gold:   439        SH:  0    Dex: 13    Spells: 11/11 levels left

rFire   + . .        a - +2 trident (venom) {Caihong}
rCold   x x .        b - +0 trident {Fatehjeet}
rNeg    . . .        H - +2 chain mail {rF+}
rPois   .            h - +0 helmet
rElec   .            j - +2 cloak {Will+}
rCorr   .            E - +0 pair of gloves
SInv    .            (no boots)
Will    +....        (amulet unavailable) Stlth
                     (ring unavailable)
HPRegen 0.34/turn    (ring unavailable)
MPRegen 0.11/turn    (no gizmo)

%: no teleportation
@: invisible, revved
A: off-hand wielding, slow wielding, warmup strikes, no jewellery, persistent
drain, [dopey 2], [low MP 2], [weak 2], [cold vulnerability 2]
a: Invent Gizmo, Renounce Religion, Berserk, Trog's Hand, Brothers in Arms


You were in a Gauntlet.
You worshipped Trog.
Trog was greatly pleased with you.
You visited 1 branch of the dungeon, and saw 11 of its levels.
You also visited: Gauntlet.

You collected 664 gold pieces.
You spent 225 gold pieces at shops.

Inventory:

Hand Weapons
 a - a +2 trident of venom (weapon) {Caihong}
 b - a +0 trident (offhand) {Fatehjeet}
Missiles
 m - 9 javelins
 p - 5 atropa-tipped darts
 q - 10 poisoned darts (quivered)
 u - 4 boomerangs
Armour
 h - a +0 helmet (worn)
 j - a +2 cloak of willpower (worn)
 E - a +0 pair of gloves (worn)
 H - a +2 chain mail of fire resistance (worn)
Wands
 e - a wand of light (12)
 f - a wand of polymorph (3)
 r - a wand of charming (16)
 w - a wand of digging (4)
 B - a wand of flame (27)
Scrolls
 i - 2 scrolls of enchant weapon
 n - a scroll of enchant armour
 y - 3 scrolls of teleportation
 D - 3 scrolls of immolation
 G - a scroll of revelation
Potions
 c - 3 potions of mutation
 d - 2 potions of haste
 g - 7 potions of curing
 k - a potion of cancellation {unknown}
 l - a potion of attraction {unknown}
 o - 3 potions of might
 s - a potion of degeneration {unknown}
 t - a potion of invisibility
 v - 2 potions of brilliance {unknown}
 x - a potion of lignification {unknown}
 z - 2 potions of ambrosia
 A - a potion of resistance {unknown}
 C - a potion of heal wounds {unknown}
Miscellaneous
 F - a phantom mirror


   Skills:
 - Level 6.0 Fighting
 - Level 14.0 Polearms
 * Level 6.0 Throwing
 - Level 6.0 Armour
 + Level 4.7 Dodging
 - Level 6.0 Evocations


You had 11 spell levels left.
You didn't know any spells.
Your spell library was empty.

Dungeon Overview and Level Annotations

Branches:
Dungeon (11/15)            Temple (0/1) D:7            Lair (0/5) D:11
    Orc (0/2) D:10        Gauntlet (1/1)

Altars:
Ashenzari
Elyvilon
Fedhas
Makhleb
Nemelex Xobeh
Okawaru
Qazlal
Ru
Uskayaw
Vehumet
Yredelemnul
The Shining One

Shops:
D:9 [

Annotations:
D:9 2 transporters, Fractals's ghost, novice TeFE Gauntlet 7 transporters, exclusion: ice statue


Innate Abilities, Weirdness & Mutations

You can wield a second weapon in your off-hand.
It takes a long time for you to wield or remove held weapons.
Your first few attacks do less damage.
You cannot equip rings or amulets.
Your health recovers twice as slowly from being drained.
[You are very dopey. (Int -4)]
[Your magical capacity is very low. (-20% MP)]
[You are very weak. (Str -4)]
[You are very vulnerable to cold. (rC--)]


Message History

The lance of force hits you!!
* * * LOW HITPOINT WARNING * * *
You are knocked back by the lance of force.
You slam into the translucent stone wall.
* * * LOW HITPOINT WARNING * * *
You closely miss the small abomination with your +2 trident of venom.
The small abomination is lightly damaged.
You hit the small abomination with your +0 trident.
The laughing skull chuckles harshly at the inescapable nature of violence.
Unknown command.
Unknown command.
You puncture the small abomination with your +2 trident of venom!
The small abomination is severely damaged.
You hit the small abomination with your +0 trident.
The small abomination hits you!
* * * LOW HITPOINT WARNING * * *
The wretched star fails to trigger a net trap.
The neqoxec gestures at you.
Strange energies course through your body.
You begin to recover more slowly from draining effects.
Unknown command.
Unknown command.
Reach: a) +2 trident (venom) {Caihong}
Press: ? - help, Dir - move target, f - neqoxec, p - small abomination
Aim: a neqoxec (translocational energy, severely wounded, about 37% to evade your +2 trident of venom)
You reach to attack!
You barely miss the neqoxec with your +0 trident.
The neqoxec is severely wounded.
You barely miss the neqoxec with your +2 trident of venom.
The small abomination barely misses you.
Unknown command.
Unknown command.
Unknown command.
Okay, then.
Unknown command.
It was a potion of invisibility.
You fade into invisibility!
The small abomination barely misses you.
The small abomination hits you!
You die...

.......... ## ### #########
### ##
##≈###≈###.......###≈###≈##
#≈≈≈#≈≈≈#..∩.⌠.∩..#≈≈≈#≈≈≈#
#≈.....................≈#
##.#########.#########.##
##≈.#z=.©##.#.#..[©)!.#.≈##
#≈≈.##!.##..#.#3#...#.#.≈≈#
##≈.###z#...#.#@x*###.#.≈##
##.#©##.##.###x#.©.#.#.##
##≈.#..z#z###.#.###^..#.≈##
#≈≈.#zz##..##.#.#...#.#.≈≈#
##≈.#z##...z#.#...###.#.≈##
##.#########.#########.##
##≈....#©.........©#....≈##
#≈≈..⌠.#.⌠.⌠.⌠.⌠.⌠.#.⌠..≈≈#
##≈....#©.........©#....≈##


You could see a wretched star, a neqoxec (unable to see you), a weeping skull
(unable to see you), 2 small abominations and a laughing skull (unable to see
you).

Vanquished Creatures
  A boulder beetle (D:11)
  3 two-headed ogres
  An ugly thing (D:9)
  5 elephants (Gauntlet)
  Maurice (D:7)
  An ice statue (Gauntlet)
  A torpor snail (Gauntlet)
  2 rime drakes (Gauntlet)
  An unseen horror (D:9)
  2 trolls
  2 hornets
  Sigmund (D:3)
  3 wraiths
  5 wyverns
  9 yaks
  Eustachio (D:5)
  Menkaure (D:7)
  2 acid dragons
  Edmund (D:4)
  6 water moccasins
  2 ice beasts
  2 orc warriors
  2 sky beasts
  3 ogres
  5 centaurs
  2 phantoms (D:7)
  3 bullfrogs
  A gnoll sergeant (D:11)
  2 scorpions
  13 wights
  9 killer bees
  9 howler monkeys
  6 hounds
  A bombardier beetle (D:6)
  6 orc priests
  2 jellies (D:6)
  Crazy Yiuf (D:2)
  7 iguanas
  5 orc wizards
  7 gnolls
  8 adders
  A shadow imp (D:8)
  A white imp (D:7)
  2 ufetubi (D:7)
  A ribbon worm (D:3)
  A dart slug (D:2)
  24 orcs
  7 endoplasms
  2 giant cockroaches
  5 goblins
  6 hobgoblins
  8 kobolds
  4 quokkas
  6 ball pythons
  8 bats
  4 frilled lizards
  6 rats
231 creatures vanquished.

Notes
Turn   | Place    | Note
-------+----------+-------------------------------------------
     0 | D:1      | jejorda2 the Coglin Berserker began the quest for the Orb.
     0 | D:1      | Reached XP level 1. HP: 18/18 MP: 1/1
   184 | D:1      | Reached skill level 3 in Polearms
   242 | D:1      | Reached XP level 2. HP: 24/24 MP: 2/2
   784 | D:2      | Reached XP level 3. HP: 29/29 MP: 3/3
  1044 | D:2      | Found a runed translucent door.
  1045 | D:2      | Noticed Crazy Yiuf
  1051 | D:2      | Killed Crazy Yiuf
  1052 | D:2      | Reached XP level 4. HP: 37/37 MP: 4/4
  1230 | D:2      | Reached skill level 4 in Polearms
  1239 | D:2      | Reached ** piety under Trog
  1926 | D:3      | Reached XP level 5. HP: 42/42 MP: 5/5
  2052 | D:3      | Noticed Sigmund
  2064 | D:3      | Killed Sigmund
  2065 | D:3      | Reached skill level 5 in Polearms
  2065 | D:3      | Reached XP level 6. HP: 41/49 MP: 6/6
  2704 | D:4      | Reached skill level 5 in Fighting
  2704 | D:4      | Reached XP level 7. HP: 56/56 MP: 7/7
  2934 | D:4      | Reached skill level 6 in Polearms
  3245 | D:4      | Noticed Edmund
  3259 | D:4      | Killed Edmund
  3463 | D:5      | Entered Level 5 of the Dungeon
  3489 | D:5      | Found a glowing golden altar of the Shining One.
  3542 | D:5      | Reached skill level 7 in Polearms
  3542 | D:5      | Reached XP level 8. HP: 56/64 MP: 8/8
  4041 | D:5      | Noticed Eustachio
  4048 | D:5      | Killed Eustachio
  4057 | D:5      | Reached skill level 8 in Polearms
  4503 | D:6      | Noticed a +0 hand axe
  4504 | D:6      | Noticed a +0 hand axe
  4507 | D:6      | Found a hide-covered altar of Uskayaw.
  4536 | D:6      | Found a stormy altar of Qazlal.
  4538 | D:6      | Found a sacrificial altar of Ru.
  4771 | D:6      | Reached XP level 9. HP: 69/69 MP: 9/9
  4787 | D:6      | Reached skill level 9 in Polearms
  5721 | D:7      | Found a staircase to the Ecumenical Temple.
  5785 | D:7      | Noticed Menkaure
  5792 | D:7      | Killed Menkaure
  5851 | D:7      | Reached skill level 5 in Armour
  5853 | D:7      | Noticed Maurice
  5858 | D:7      | Maurice stole 258 gold
  5866 | D:7      | Reached skill level 10 in Polearms
  5868 | D:7      | Killed Maurice
  6056 | D:7      | Noticed a hornet
  6060 | D:7      | Killed a hornet
  6061 | D:7      | Reached XP level 10. HP: 74/76 MP: 10/10
  6107 | D:7      | Found a white marble altar of Elyvilon.
  6160 | D:7      | Found a basalt altar of Yredelemnul.
  6228 | D:7      | Found a burning altar of Makhleb.
  6362 | D:7      | Reached skill level 11 in Polearms
  6484 | D:8      | Reached skill level 1 in Evocations
  6528 | D:8      | Reached *** piety under Trog
  6995 | D:8      | Found an iron altar of Okawaru.
  7068 | D:9      | Noticed a two-headed ogre
  7076 | D:9      | Killed a two-headed ogre
  7077 | D:9      | Reached skill level 12 in Polearms
  7077 | D:9      | Reached skill level 5 in Evocations
  7396 | D:9      | Found a transporter.
  7400 | D:9      | Noticed a six-headed hydra
  7528 | D:9      | Found a transporter.
  7532 | D:9      | Noticed Fractals's ghost (novice TeFE)
  7546 | D:9      | Found a radiant altar of Vehumet.
  7546 | D:9      | Found a blossoming altar of Fedhas.
  7641 | D:9      | Reached XP level 11. HP: 78/78 MP: 11/11
  7731 | D:9      | Reached skill level 13 in Polearms
  7780 | D:9      | Noticed a green ugly thing
  7796 | D:9      | Killed a green ugly thing
  7935 | D:9      | Found a sparkling altar of Nemelex Xobeh.
  8156 | D:9      | Found Ginuf's Antique Armour Emporium.
  8179 | D:9      | Bought a glowing chain mail for 225 gold pieces
  8277 | D:9      | Found a broken altar of Ashenzari.
  8578 | D:10     | Entered Level 10 of the Dungeon
  8764 | D:10     | Found a staircase to the Orcish Mines.
  8941 | D:10     | Noticed a two-headed ogre
  8948 | D:10     | Killed a two-headed ogre
  8948 | D:10     | Reached **** piety under Trog
  8949 | D:10     | Reached skill level 14 in Polearms
  8949 | D:10     | Reached skill level 1 in Throwing
  9685 | D:11     | Noticed a boulder beetle
  9701 | D:11     | Killed a boulder beetle
  9714 | D:11     | Noticed a two-headed ogre
  9724 | D:11     | Killed a two-headed ogre
  9732 | D:11     | Found a staircase to the Lair.
  9773 | D:11     | Found a gate leading to a gauntlet.
  9792 | Gauntlet | Entered a Gauntlet
  9792 | Gauntlet | Found a transporter.
  9792 | Gauntlet | Found a transporter.
  9925 | Gauntlet | Found a transporter.
  9929 | Gauntlet | Found a transporter.
  9937 | Gauntlet | Found a transporter.
  9941 | Gauntlet | Found a transporter.
  9949 | Gauntlet | Found a transporter.
  9950 | Gauntlet | Noticed a wretched star
  9965 | Gauntlet | Found a transporter.
  9982 | Gauntlet | Found a transporter.
  9983 | Gauntlet | Found a transporter.
  9991 | Gauntlet | Found a transporter.
  9995 | Gauntlet | Found a transporter.
 10054 | Gauntlet | Reached XP level 12. HP: 54/88 MP: 12/12
 10057 | Gauntlet | Reached skill level 5 in Throwing
 10267 | Gauntlet | HP: 3/88 [small abomination (11)]
 10267 | Gauntlet | Gained mutation: Your health recovers twice as slowly from
                  | being drained. [a neqoxec]
 10269 | Gauntlet | Mangled by a small abomination

Illustrated notes

Levels and vault maps discovered:
D:1:      dpeg_arrival_erosion, layout_loops_ring, minmay_misc_feat_rows,
          corexii_corridor_pit
D:2:      minmay_chambers_of_twos, layout_basic, uniq_crazy_yiuf_cottage
D:3:      layout_loops_cross, minmay_starry_boxes, uniq_sigmund
D:4:      layout_loops_corners, minivault_4, uniq_edmund
D:5:      layout_basic, mainiacjoe_overflow_small_starburst, minivault_4,
          serial_bayou_pond_c, uniq_eustachio
D:6:      minmay_inner_zag, layout_loops_ring, dancing_weapons_uskayaw,
          nicolae_qazlal_scattered_showers, lemuel_crystal_altar,
          kennysheep_generic_room_11
D:7:      layout_loops_cross, kennysheep_ying_yang, mainiacjoe_overflow_paths,
          minmay_temple_entry_wispy, uniq_menkaure, uniq_maurice
D:8:      layout_rooms, mainiacjoe_overflow_six_doors_small
D:9:      layout_rooms, kennysheep_mini, gammafunk_temple_overflow_elements,
          nzn_ghost_randoct, serial_shops, kennysheep_little_box,
          minmay_ruined_shrine
D:10:     layout_basic, david_orc_3, nicolae_nh_ransacked_shop
D:11:     layout_basic, lair_entry_dummy, gauntlet_entry_generic
Gauntlet: minmay_gauntlet_77_indecision
          [minmay_gauntlet_arena_77_terracotta_army,
          minmay_gauntlet_arena_77_block_sizes, minmay_gauntlet_arena_77_mess,
          minmay_gauntlet_arena_77_mirror, minmay_gauntlet_arena_77_fan,
          minmay_gauntlet_arena_77_broken_ladder,
          nicolae_gauntlet_exit_dead_adventurers]

Skill      XL: |  1  2  3  4  5  6  7  8  9 10 11 12 |
---------------+-------------------------------------+-----
Polearms       | 3 4 5 7 8 10 12 14 | 14.0
Fighting       | 4 5 6 |  6.0
Armour         | 3 5 6 |  6.0
Evocations     | 5 6 |  6.0
Throwing       | 4 6 |  6.0
Dodging        | 4 |  4.7

Action                     |  1- 3 |  4- 6 |  7- 9 | 10-12 || total
---------------------------+-------+-------+-------+-------++-------
  Melee: Spear             |    45 |    64 |   161 |    99 ||   369
         Dagger            |     9 |       |       |       ||     9
         Trident           |    38 |    68 |   164 |   595 ||   865
         Unarmed           |       |       |    12 |       ||    12
  Throw: Dart              |       |       |     9 |    22 ||    31
 Invoke: Berserk           |     1 |     1 |     5 |    10 ||    17
         Trog's Hand       |       |     1 |       |     1 ||     2
    Use: Scroll            |       |       |    12 |     6 ||    18
         Potion            |       |       |       |     1 ||     1
 Armour: Ring mail         |     7 |       |       |       ||     7
         Plate armour      |     9 |    32 |    87 |   123 ||   251
         Skin              |       |       |     3 |       ||     3
         Chain mail        |       |       |       |   114 ||   114
  Dodge: Dodged            |    12 |     9 |    24 |    83 ||   128

Table legend: (Time is in decaauts)
 A = Elapsed time spent in this place.
 B = Non-inter-level travel time spent in this place.
 C = Inter-level travel time spent in this place.
 D = Time resting spent in this place.
 E = Time spent auto-exploring this place.
 F = Levels seen in this place.
 G = Mean time per level.
                   A        B        C        D        E       F      G
               +--------+--------+--------+--------+--------+-----+--------+
         Total |  10260 |   9883 |    377 |    937 |   7343 |  12 |  855.0 |
       Dungeon |   9781 |   9404 |    377 |    788 |   7122 |  11 |  889.2 |
      Gauntlet |    478 |    478 |      0 |    149 |    221 |   1 |  478.0 |
               +--------+--------+--------+--------+--------+-----+--------+

Top non-repeatable levels by time:
     D:9: 1307 daAuts
    D:10: 1099 daAuts
     D:6: 1095 daAuts
     D:2: 1026 daAuts
     D:5: 1024 daAuts
     D:4: 978 daAuts
     D:7: 893 daAuts
     D:3: 780 daAuts
     D:8: 771 daAuts
     D:1: 701 daAuts
Gauntlet: 478 daAuts
    D:11: 102 daAuts
